[Event "Live Chess"]
[Site "Chess.com"]
[Date "2024.06.02"]
[Round "-"]
[White "Victor_Bondar"]
[Black "Ferrarifan27"]
[Result "0-1"]
[WhiteElo "1460"]
[BlackElo "2148"]
[TimeControl "300"]
[EndTime "3:57:07 PDT"]
[Termination "Ferrarifan27 won by resignation"]

1. e4 e5 2. Nf3 Nc6 3. d4 exd4 4. Nxd4 Nf6 5. Nxc6 bxc6 6. Bd3 d5 7. Bg5 dxe4 8.
Bxf6 Qxf6 9. Bxe4 Bd7 10. Nc3 Bb4 11. O-O O-O 12. Qxd7 Rfe8 13. Bxh7+ Kxh7 14. Qxc7 Bxc3 15. bxc3 Qxc3 16. h3 f6 17. Rac1 a5 18. Qf4 Re2 19. Qf5+ Kg8 20. Rfe1 Rxe1+ 21. Rxe1 Qxe1+ 22. Kh2 Qe5+ 23. Qxe5 fxe5 24. Kg3 Rd8 0-1

[Event "Live Chess"]
[Site "Chess.com"]
[Date "2024.06.02"]
[Round "-"]
[White "LL220284LL"]
[Black "juniortay"]
[Result "1-0"]
[WhiteElo "2515"]
[BlackElo "2362"]
[TimeControl "300"]
[EndTime "3:57:15 PDT"]
[Termination "LL220284LL won by resignation"]

1. g3 d5 2. Bg2 c5 3. Nf3 Nc6 4. b3 Nf6 5. Bb2 e6 6. O-O a6 7.
e3 Be7 8. d4 O-O 9. Nbd2 Re8 10.
Re1 b5 11. e4 dxe4 12. Nxe4 Nxe4 13. Rxe4 Bb7 14. dxc5 Bxc5 15. Qe2 Qb6 16. Rf1 Rad8 17. Ng5 h6 18. Nxf7 Kxf7 19. Qh5+ Kg8 20. Bxg7 Rd5 21.
Qxe8+ Kxg7 22. Rxe6 Rg5 23. Bxc6 Bxc6 24. Qxc6 1-0

[Event "Live Chess"]
[Site "Chess.com"]
[Date "2024.06.02"]
[Round "-"]
[White "mrsmarple1968"]
[Black "r0ad_t0-gm"]
[Result "0-1"]
[WhiteElo "1751"]
[BlackElo "2272"]
[TimeControl "300"]
[EndTime "3:57:21 PDT"]
[Termination "r0ad_t0-gm won by resignation"]

1. e4 Nf6 2. Nc3 d5 3. exd5 Nxd5 4. Nxd5 Qxd5 5. d3 Nc6 6. Nf3 Bg4 7. Be2 O-O-O 8.
O-O e5 9. Be3 e4 10. dxe4 Qxe4 11. Qc1 Kb8 12. c3 Bd6 13. b4 Bxf3 14. Bxf3 Qe5 15. g3 Ne7 16. Bf4 Qf6 17. Bxd6 Rxd6 18.
Bg2 h5 19. h4 Nf5 20. c4 Nxh4 21. gxh4 Qxh4 22. Qc3 Rg6 23. Qf3 c6 24. Rfe1 Qg5 25. Kh2 h4 26. Bh3 Rf6 27. Qg2 Qf4+ 28. Kg1 Rg6 0-1

[Event "Live Chess"]
[Site "Chess.com"]
[Date "2024.06.02"]
[Round "-"]
[White "slava_ukr"]
[Black "Crowded_House"]
[Result "1/2-1/2"]
[WhiteElo "2407"]
[BlackElo "1659"]
[TimeControl "300"]
[EndTime "3:57:23 PDT"]
[Termination "Game drawn by repetition"]

1. e4 e6 2. d4 d5 3. exd5 Qxd5 4. Nc3 Qd8 5. Nf3 Bb4 6. Bd3 Nf6 7. O-O O-O 8. Bg5 h6 9. Bh4 Be7 10. Ne2 b6 11. c4 Bb7 12. Ne5 Nbd7 13. f4 Nxe5 14. fxe5 Ne4 15. Bxe7 Qxe7 16. Qc2 Ng5 17. h4 Nh3+ 18.
gxh3 Qxh4 19. Kh2 f6 20. exf6 Rxf6 21. Rxf6 Qxf6 22. Ng3 Qxd4 23. Bh7+ Kh8 24. Be4 Bxe4 25. Qxe4 Qxb2+ 26. Ne2 Rf8 27. Rg1 Rf2+ 28. Rg2 Rxg2+ 29. Kxg2 Qxa2 30. Kg3 Qb3+ 31. Kg4 a5 32. Nf4 Qd1+ 33. Kg3 Qg1+ 34. Ng2 Qc5 35. Qxe6 Qg5+ 36. Kh2 Qf6 37. Qc8+ Kh7 38. Qxc7 a4 39. Qa7 Qd6+ 40. Kh1 Qd1+ 41. Kh2 Qd6+ 42. Kg1 Qd1+ 43. Kh2 Qd6+ 1/2-1/2

[Event "Live Chess"]
[Site "Chess.com"]
[Date "2024.06.02"]
[Round "-"]
[White "NottheBishopSacrifice"]
[Black "MaksymYurii"]
[Result "1-0"]
[WhiteElo "2323"]
[BlackElo "1000"]
[TimeControl "300"]
[EndTime "3:57:33 PDT"]
[Termination "NottheBishopSacrifice won by resignation"]

1. d4 d5 2. c4 dxc4 3. e4 Nd7 4. Bxc4 e6 5. Nf3 Ngf6 6. O-O Nxe4 7. Re1 Nef6 8. Nc3 Bd6 9. Ne5 Nxe5 10. dxe5 Be7 11.
Qxd8+ Bxd8 12. exf6 Bxf6 13. Bf4 c6 14. Rad1 O-O 15. Ne4 Bxb2 16. Bd6 Re8 17. Ng3 b5 18. Be2 Bb7 19. Bf3 Bc3 20. Rf1 a5 21. Ne4 Bb4 22. Nc5 Bxc5 23. Bxc5 a4 24. Rd7 Ba6 25. Rc7 b4 26.
Bxc6 Bxf1 27. Bxe8 Rxe8 28. Kxf1 e5 29. Bxb4 e4 30. a3 e3 31. fxe3 Rxe3 32. Rc8+ 1-0

[Event "Live Chess"]
[Site "Chess.com"]
[Date "2024.06.02"]
[Round "-"]
[White "Isambard_Thomas"]
[Black "vlad10898"]
[Result "0-1"]
[WhiteElo "2203"]
[BlackElo "2872"]
[TimeControl "300"]
[EndTime "3:58:03 PDT"]
[Termination "vlad10898 won by resignation"]

1. d4 g6 2. Nf3 Bg7 3. Bg5 c5 4. e3 Qb6 5. b3 Nc6 6. c3 d5 7. Bd3 Nf6 8. Nbd2 O-O 9. h4 Bg4 10. h5 Nxh5 11. Rxh5 Bxh5 12. Qe2 e5 13. dxe5 Nxe5 14. Bc2 Nxf3+ 15. Nxf3 Bxc3+ 0-1

[Event "Live Chess"]
[Site "Chess.com"]
[Date "2024.06.02"]
[Round "-"]
[White "Tilbs_12"]
[Black "Ksenia_2013"]
[Result "1-0"]
[WhiteElo "1656"]
[BlackElo "983"]
[TimeControl "300"]
[EndTime "3:59:04 PDT"]
[Termination "Tilbs_12 won by checkmate"]

1. d4 d5 2. Nf3 Nc6 3. e3 Nf6 4. Bd3 g6 5. O-O Bg7 6. c3 O-O 7. Nbd2 Bg4 8. Re1 Qd6 9. h3 Bxh3 10. gxh3 Nh5 11. a3 Ng3 12. Kg2 Nh5 13. e4 Nf4+ 14. Kf1 Nxd3 15. e5 Qe6 16. Kg2 Nf4+ 17. Kg1 Nxh3+ 18. Kf1 Nf4 19. Ng1 Nd3 20. Re3 Nxc1 21. Rxc1 Bh6 22. Rh3 Bxd2 23. Qxd2 Qg4 24. f3 Qd7 25.
Qh6 Rfb8 26. Qxh7+ Kf8 27. Qh8# 1-0

[Event "Live Chess"]
[Site "Chess.com"]
[Date "2024.06.02"]
[Round "-"]
[White "Crowded_House"]
[Black "80Times"]
[Result "1-0"]
[WhiteElo "1672"]
[BlackElo "1885"]
[TimeControl "300"]
[EndTime "3:59:19 PDT"]
[Termination "Crowded_House won - game abandoned"]

1. d4 g6 2. Bg5 Bg7 3. c3 d6 4.
Nf3 c6 5. Nbd2 Nd7 6. e3 h6 7. Bh4 b5 8. a3 Rb8 9. Bd3 c5 10. dxc5 Nxc5 11. Bc2 a5 12. O-O 1-0

[Event "Live Chess"]
[Site "Chess.com"]
[Date "2024.06.02"]
[Round "-"]
[White "wadsy27"]
[Black "Silverback7829"]
[Result "1-0"]
[WhiteElo "2593"]
[BlackElo "880"]
[TimeControl "300"]
[EndTime "3:59:32 PDT"]
[Termination "wadsy27 won by checkmate"]

1. d4 d5 2. c4 Nc6 3. Nf3 Bg4 4. e3 Bxf3 5. Qxf3 Nf6 6. cxd5 e6 7. dxc6 bxc6 8. Qxc6+ Nd7 9. Bb5 Rb8 10. Nc3 Bb4 11. O-O h5 12. Ne4 O-O 13. Qxd7 Qxd7 14. Bxd7 Rbd8 15.
Bc6 Ba5 16. Bd2 Bxd2 17. Nxd2 Rd6 18. Rfc1 a5 19. Bf3 f6 20. Rxc7 Rb6 21. b3 e5 22. Rac1 Re6 23. Bd5 Rf7 24. Bxe6 Kh7 25.
Rxf7 Kh6 26. Rcc7 h4 27. Rxg7 e4 28. Bf5 h3 29. Rg6+ Kh5 30. Rh7# 1-0

[Event "Live Chess"]
[Site "Chess.com"]
[Date "2024.06.02"]
[Round "-"]
[White "defenderalist"]
[Black "Bodhanas"]
[Result "0-1"]
[WhiteElo "1527"]
[BlackElo "2339"]
[TimeControl "300"]
[EndTime "3:59:42 PDT"]
[Termination "Bodhanas won on time"]

1. e4 d6 2. d4 c6 3. Nc3 Qc7 4. f4 e5 5. fxe5 dxe5 6. dxe5 Bb4 7. Bd2 Ne7 8. Nf3 Ng6 9. Bd3 Nxe5 10. Nxe5 Qxe5 11. O-O O-O 12. a3 Bxc3 13. Bxc3 Qg5 14. Rf3 Bg4 15. Rg3 Qc5+ 16. Kh1 Qxc3 17. Qxg4 Qxb2 18. Rf1 Na6 19. h4 Nc5 20. Bc4 Rae8 21. c3 g6 22. h5 Rxe4 23. hxg6 Rxg4 24. gxf7+ Kh8 25. Rxg4 Rxf7 26. Bxf7 h5 27. Bxh5 Qxc3 28. Rf8+ Kh7 29. Rf7+ Kh6 30. Rfg7 Qxg7 31. Rxg7 Kxg7 32.
Bf3 Ne6 33. Kg1 Nd4 34. Kf2 Nxf3 35. gxf3 Kf6 36. Ke3 Kf5 37. Kd3 b6 38. Ke3 c5 0-1

[Event "Live Chess"]
[Site "Chess.com"]
[Date "2024.06.02"]
[Round "-"]
[White "sebmoran1"]
[Black "asingardenof"]
[Result "1-0"]
[WhiteElo "1413"]
[BlackElo "621"]
[TimeControl "300"]
[EndTime "4:00:01 PDT"]
[Termination "sebmoran1 won by checkmate"]

1. e4 c5 2. Bc4 d6 3. Qf3 Nf6 4. Nc3 Nc6 5. d3 e6 6. Bg5 Be7 7. Nge2 Bd7 8. O-O-O Qc7 9. h4 O-O-O 10. Nb5 Qb6 11.
Be3 Ne5 12. Qg3 Nxc4 13. dxc4 Nxe4 14. Qf3 Nf6 15. g4 Bc6 16. Qg3 Bxh1 17. Rxh1 Ne4 18.
Qf3 d5 19. cxd5 exd5 20. Qxf7 Qxb5 21. Qxe7 Rd7 22. Qe5 Nf6 23. Bf4 Ne8 24. Qb8# 1-0

[Event "Live Chess"]
[Site "Chess.com"]
[Date "2024.06.02"]
[Round "-"]
[White "Ziipyyy"]
[Black "MagnersCarlsberg2870"]
[Result "0-1"]
[WhiteElo "1288"]
[BlackElo "1781"]
[TimeControl "300"]
[EndTime "4:00:06 PDT"]
[Termination "MagnersCarlsberg2870 won by resignation"]

1. e4 e5 2. Nc3 Nc6 3. Bc4 Nf6 4. f4 Bc5 5. Nf3 d6 6. f5 Na5 7. Bb5+ c6 8. Ba4 b5 9. Bb3 Nxb3 10. axb3 Qb6 11.
Qe2 g6 12. d3 gxf5 13. exf5 Bxf5 14. Bg5 Ng4 15. Ne4 Bxe4 16. Qxe4 Nf2 17. Qf5 Nxh1 18. Bf6 Rg8 19. Ng5 Bf2+ 20. Kd2 Qe3+ 21. Kc3 Qd4+ 22. Kd2 b4 23. Rxh1 Be3+ 24. Ke2 Bxg5 25. Bxg5 h6 26. Rf1 Rg7 27. Bxh6 Rxg2+ 28. Kd1 Qg4+ 29. Qxg4 Rxg4 30. Bd2 Rg2 31. Bxb4 c5 32. Bc3 Rxh2 33. Rf6 Ke7 34. Rf1 Rg8 35. Bd2 Rgg2 36. Be1 Rxc2 37. Bh4+ Kf8 38.
Be1 Rxb2 39. Bd2 Rbxd2+ 40. Kc1 Rc2+ 0-1

[Event "Live Chess"]
[Site "Chess.com"]
[Date "2024.06.02"]
[Round "-"]
[White "WeakOldFinished"]
[Black "elis06"]
[Result "0-1"]
[WhiteElo "2178"]
[BlackElo "2349"]
[TimeControl "300"]
[EndTime "4:00:15 PDT"]
[Termination "elis06 won by resignation"]

1. d4 d5 2. e4 dxe4 3. Nc3 Nf6 4. f3 exf3 5. Nxf3 c6 6. Bc4 Bf5 7. O-O e6 8. Ne5 Bg6 9. Ne2 Nbd7 10. Bf4 Be7 11.
c3 Nxe5 12. Bxe5 O-O 13. Nf4 Nd5 14. Nxg6 hxg6 15. Rf3 Bf6 16. Qe2 Re8 17. Raf1 Bxe5 18. Qxe5 f6 19. Qe2 Qd6 20. Qd2 Kf7 21. Qg5 Rh8 22. Bxd5 exd5 23. Qg3 Qxg3 24. Rxg3 Rae8 25. Kf2 Re4 26. h3 Rhe8 27. Kg1 Re2 28. Rf2 Re1+ 29.
Kh2 R8e2 30. Rgf3 Rxf2 31. Rxf2 Ra1 32. a3 Re1 33. Kg3 g5 34. Rd2 Re3+ 35. Kf2 Re4 36. Rd3 f5 37. a4 Kf6 38. b4 g6 39. b5 Re7 40. Rd2 Rc7 41. b6 axb6 42. Rb2 b5 43.
axb5 cxb5 44. Rxb5 Rxc3 45. Rxb7 Rc2+ 46. Kf1 Rd2 47. Rb6+ Kf7 48. Rb5 Rxd4 0-1

[Event "Live Chess"]
[Site "Chess.com"]
[Date "2024.06.02"]
[Round "-"]
[White "ZatixMajor"]
[Black "CarmelJane"]
[Result "0-1"]
[WhiteElo "2028"]
[BlackElo "2065"]
[TimeControl "300"]
[EndTime "4:00:27 PDT"]
[Termination "CarmelJane won by resignation"]

1. c4 e5 2. g3 Nf6 3. Bg2 c6 4.
d4 e4 5. Nc3 d5 6. cxd5 cxd5 7. Bg5 h6 8. Bxf6 gxf6 9. Nh3 Nc6 10. Nf4 Be6 11. e3 Bd6 12. Nxe6 fxe6 13. Qh5+ Ke7 14.
Bh3 Nb4 15. O-O Nd3 16. Bxe6 Kxe6 17. Qxd5+ Kd7 18. Qxb7+ Qc7 19. Qxe4 Nxb2 20. Qf5+ Ke8 21. Qxf6 Rf8 22. Qe6+ Qe7 23. Qd5 Rb8 24. Ne4 Bc7 25.
Rac1 Nd3 26. Rc3 Nb4 27. Rfc1 Nxd5 0-1

[Event "Live Chess"]
[Site "Chess.com"]
[Date "2024.06.02"]
[Round "-"]
[White "GwaryTek"]
[Black "vincents82"]
[Result "1-0"]
[WhiteElo "1842"]
[BlackElo "1989"]
[TimeControl "300"]
[EndTime "4:00:32 PDT"]
[Termination "GwaryTek won by resignation"]

1. d4 d5 2. c4 c6 3. Nc3 Nf6 4. Nf3 dxc4 5. e4 b5 6. e5 Nd5 7. a4 e6 8. axb5 Nxc3 9. bxc3 cxb5 10. Ng5 Be7 11. Nxf7 Kxf7 12. Qf3+ Ke8 13. Qxa8 Nd7 14. Qxa7 Rf8 15. Be2 Nb6 16. O-O Nd5 17. Bd2 Kf7 18. Qa5 Bd7 19. Qxd8 Rxd8 20. Ra7 Ke8 21. Rb1 Rc8 22. Bf3 b4 23. Bxd5 bxc3 24. Bxc3 exd5 25.
Rbb7 Rd8 26. f4 g5 27. f5 1-0

[Event "Live Chess"]
[Site "Chess.com"]
[Date "2024.06.02"]
[Round "-"]
[White "f4nomore"]
[Black "Mikhail_Golubev"]
[Result "0-1"]
[WhiteElo "1268"]
[BlackElo "2515"]
[TimeControl "300"]
[EndTime "4:00:35 PDT"]
[Termination "Mikhail_Golubev won by checkmate"]

1. b3 d6 2. Bb2 Nd7 3. e3 e5 4. Nf3 Ngf6 5. Be2 Be7 6. O-O e4 7.
Nd4 Ne5 8. d3 exd3 9. Bxd3 O-O 10. Nd2 Nxd3 11. cxd3 c5 12. N4f3 b5 13. e4 Bb7 14. Rc1 a5 15. e5 dxe5 16. Nxe5 a4 17. bxa4 Rxa4 18. a3 Qd5 19. Ndf3 Bd6 20. Re1 Re8 21.
Qc2 h6 22. Qd1 Re6 23. h3 Ra8 24. d4 c4 25. Rc3 b4 26. Rxc4 bxa3 27. Ba1 Bxe5 28.
Nxe5 Qxg2# 0-1

[Event "Live Chess"]
[Site "Chess.com"]
[Date "2024.06.02"]
[Round "-"]
[White "dmitro74"]
[Black "stevochess11"]
[Result "1-0"]
[WhiteElo "1740"]
[BlackElo "1705"]
[TimeControl "300"]
[EndTime "4:01:01 PDT"]
[Termination "dmitro74 won by checkmate"]

1. d4 Nf6 2. c4 c5 3. d5 b5 4. cxb5 a6 5. bxa6 g6 6. Nc3 Bxa6 7. e4 Bxf1 8. Kxf1 d6 9. g3 Bg7 10. Nge2 Nbd7 11. Kg2 O-O 12. f4 Qa5 13. Bd2 Rfb8 14.
b3 Ne8 15. Na4 Qa6 16. Bc3 Nc7 17. Bxg7 Kxg7 18. Qc2 Nb5 19. Nb2 Nb6 20. Nc4 Nxc4 21. bxc4 Na3 22. Qc3+ f6 23. Rhc1 Rb4 24. e5 Rxc4 25.
exf6+ exf6 26. Qe3 Qb7 27. Qe6 Rxc1 28. Rxc1 Nb5 29.
Rc2 Nc7 30. Qxd6 Qxd5+ 31. Qxd5 Nxd5 32. Rxc5 Ne3+ 33. Kf3 Nf5 34. Rc2 Ra3+ 35. Kf2 Ne3 36. Rd2 Ng4+ 37. Kg2 h5 38. h3 Ne3+ 39. Kf2 Nc4 40.
Rc2 Nd6 41. Nc3 Rxc3 42. Rxc3 Ne4+ 43. Ke3 Nxc3 44. a3 g5 45. fxg5 fxg5 46. Kd3 Nb5 47. a4 Na7 48. Kc4 Kf6 49. Kc5 Nc8 50.
Kc6 Ke5 51. Kc7 Nd6 52. a5 Kd5 53. Kb6 Nc4+ 54. Kb5 Nxa5 55. Kxa5 Ke4 56. h4 Kf3 57. hxg5 Kxg3 58. g6 h4 59. g7 h3 60. g8=Q+ Kh2 61. Qb8+ Kh1 62. Qb7+ Kh2 63. Qc7+ Kg1 64. Qg3+ Kh1 65.
Qxh3+ Kg1 66. Qf3 Kh2 67. Qg4 Kh1 68. Kb4 Kh2 69. Kc3 Kh1 70. Kd3 Kh2 71. Ke3 Kh1 72.
Kf2 Kh2 73. Qg2# 1-0

[Event "Live Chess"]
[Site "Chess.com"]
[Date "2024.06.02"]
[Round "-"]
[White "Grace6363"]
[Black "Queensandpawns"]
[Result "0-1"]
[WhiteElo "1144"]
[BlackElo "2240"]
[TimeControl "300"]
[EndTime "4:01:03 PDT"]
[Termination "Queensandpawns won by resignation"]

1. d4 e5 2. dxe5 Bc5 3. Nf3 d6 4. e3 Ne7 5. Be2 O-O 6. Nc3 Nbc6 7. a3 dxe5 8. b4 Bb6 9. Bb2 Bf5 10. O-O a6 11.
Qxd8 Rfxd8 12. Rad1 h6 13. e4 Be6 14. Na4 Ba7 15.
Bxe5 Nxe5 16. Nxe5 b5 17. Nc5 Bxc5 18. bxc5 f6 19. Nd3 Nc6 20. Nb4 Nd4 21. Bd3 a5 22. c3 Nb3 23. Nc2 Nxc5 24. Bxb5 Nxe4 25. Bc6 Nxc3 26.
Bxa8 Rxd1 27. Rxd1 Nxd1 28. Bc6 Nc3 29. Nd4 Bc4 30.
g3 Kf8 31. f4 Ke7 32. Nf5+ Kf7 33. Nd4 Bd5 34. Bd7 c5 35. Nc2 Bb3 36. Ne3 c4 37. Bc6 Ne2+ 38. Kf2 Nd4 39. Be4 Ke7 40. Ke1 Kd6 41.
Kd2 Kc5 42. Kc3 Ne2+ 43. Kb2 Kd4 44. Bb1 Kxe3 45. Bc2 Bxc2 46. Kxc2 Kd4 47. a4 Nc3 48. h3 Nxa4 49. g4 Nc5 0-1

[Event "Live Chess"]
[Site "Chess.com"]
[Date "2024.06.02"]
[Round "-"]
[White "Andriy_Yaremovych"]
[Black "Dhaydon19"]
[Result "0-1"]
[WhiteElo "1590"]
[BlackElo "2638"]
[TimeControl "300"]
[EndTime "4:01:03 PDT"]
[Termination "Dhaydon19 won by resignation"]

1. e4 e6 2. Nc3 d5 3. exd5 exd5 4. d4 Nf6 5. f4 Be7 6. Nf3 O-O 7. Bd3 c6 8. O-O Re8 9. Ne2 Nbd7 10. c3 Nf8 11. Bc2 Bd6 12. Ng3 Bg4 13. h3 Bxf3 14. Rxf3 Ng6 15. Qd3 Ne4 16. Nf5 Bc7 17. Bd2 Qf6 18.
Ng3 Nxd2 19. Qxd2 Bxf4 20. Qf2 Bxg3 21. Qxg3 Qe7 22. Bxg6 fxg6 23. Raf1 a6 24. a3 g5 25.
Rf5 h6 26. Re5 Qd7 27. Qd3 Rxe5 28. dxe5 Re8 29. Re1 Qe6 30. b4 Rf8 31. Qd4 Rf7 32. Qa7 Kh7 33. Qd4 Re7 34. g4 Rf7 35. Kg2 Rf4 36. Qd3+ g6 37. Re3 Kg7 38. a4 Kf7 39.
Rf3 Qxe5 40. Rxf4+ gxf4 41. Kf3 Kf6 42. h4 g5 43. hxg5+ hxg5 44. Qh7 Qe3+ 45. Kg2 Qe4+ 46. Kf2 Qxh7 0-1

[Event "Live Chess"]
[Site "Chess.com"]
[Date "2024.06.02"]
[Round "-"]
[White "WeakOldFinished"]
[Black "sebmoran1"]
[Result "1-0"]
[WhiteElo "2178"]
[BlackElo "1412"]
[TimeControl "300"]
[EndTime "4:01:14 PDT"]
[Termination "WeakOldFinished won by resignation"]

1. e4 c5 2. d4 cxd4 3. c3 dxc3 4. Nxc3 Nf6 5. Bc4 d6 6. e5 dxe5 7. Bxf7+ Kxf7 8. Qxd8 Bh3 9. Nxh3 Nc6 10. Ng5+ Kg6 11.
Qc7 1-0

[Event "Live Chess"]
[Site "Chess.com"]
[Date "2024.06.02"]
[Round "-"]
[White "upoe610"]
[Black "Ferrarifan27"]
[Result "0-1"]
[WhiteElo "2124"]
[BlackElo "2156"]
[TimeControl "300"]
[EndTime "4:01:39 PDT"]
[Termination "Ferrarifan27 won by resignation"]

1. c4 Nf6 2. g3 e6 3. Bg2 d5 4.
Nf3 Be7 5. O-O O-O 6. d4 dxc4 7. Qc2 Bd7 8. Bg5 Bc6 9. Qxc4 h6 10. Bxf6 Bxf6 11.
Nbd2 Nd7 12. Rac1 Nb6 13. Qc3 Qe7 14. e4 Rad8 15. e5 Bg5 16. Rcd1 Nd5 17. Qc2 Nb4 18.
Qc4 Bd5 19. Qe2 Bxd2 20. Rxd2 Bxa2 21. b3 Bxb3 22. Rb2 Bd5 23. Rfb1 a5 24. Qe3 b6 25. Bf1 Bxf3 26. Qxf3 Rxd4 27. Qe3 Rfd8 28. Rc1 c5 29. Kg2 Qb7+ 30. f3 Qd5 31. Kh3 Rd2 32. Rbb1 Qd4 33.
Qe1 0-1

[Event "Live Chess"]
[Site "Chess.com"]
[Date "2024.06.02"]
[Round "-"]
[White "defenderalist"]
[Black "wadsy27"]
[Result "0-1"]
[WhiteElo "1527"]
[BlackElo "2593"]
[TimeControl "300"]
[EndTime "4:01:42 PDT"]
[Termination "wadsy27 won by resignation"]

1. e4 c5 2. f4 d5 3. exd5 Qxd5 4.
Nf3 Nc6 5. Nc3 Qd8 6. Bc4 Nf6 7. Ng5 e6 8. O-O Be7 9. f5 Qd4+ 10. Kh1 Qxc4 11.
fxe6 Bxe6 12. Nxe6 Qxe6 13. d4 cxd4 14. Nb5 Qd7 15.
Bf4 O-O 16. Nc7 Rac8 17. Nb5 a6 0-1

[Event "Live Chess"]
[Site "Chess.com"]
[Date "2024.06.02"]
[Round "-"]
[White "Korchnoi987"]
[Black "Duke_of_Bebington"]
[Result "1-0"]
[WhiteElo "831"]
[BlackElo "1639"]
[TimeControl "300"]
[EndTime "4:01:56 PDT"]
[Termination "Korchnoi987 won by resignation"]

1. d4 d5 2. Bf4 Nf6 3. e3 Bf5 4. c3 e6 5. Bd3 Bxd3 6. Qxd3 c5 7.
Nd2 Nc6 8. Ngf3 cxd4 9. cxd4 Bb4 10. O-O O-O 11. a3 Bd6 12. Bxd6 Qxd6 13. Ne5 Nxe5 14. dxe5 Qxe5 15. Nf3 Qe4 16. Qb5 a6 17. Qb6 Rfc8 18. Qxb7 Rcb8 19. Qc6 Rc8 20. Qb6 Nd7 21. Qb4 Qxb4 22.
axb4 Nb6 23. Rfc1 Kf8 24. g3 Ke7 25. Ne5 f6 26. Nd3 Rxc1+ 27. Rxc1 Kd6 28. Nc5 Nd7 29.
Nxd7 Kxd7 30. Ra1 Kc6 31. Kf1 Kb5 32. Rc1 Ra7 33. Rc5+ Kxb4 34. Rc6 e5 35. Ke2 Kb5 36. Rc2 Kb4 37. Kd2 Kb3 38. Rc5 Rd7 39. Rc6 Kxb2 40. Rxa6 d4 41. exd4 Rxd4+ 42. Ke3 Rd7 43. Rc6 Kb3 44. f4 exf4+ 45. gxf4 Kb4 46. Rc8 Kb5 47. h4 h6 48. Ke4 Kb6 49. Kf5 Kb7 50. Rc5 Kb6 51. Rc4 Kb5 52. Re4 Rf7 53. Kg6 Rc7 54. f5 Kc6 55. Rc4+ Kd7 56. Rxc7+ Kxc7 57. Kxg7 Kd6 58.
Kxh6 Ke5 59. Kg6 Kf4 60. h5 Kg4 61. h6 1-0

[Event "Live Chess"]
[Site "Chess.com"]
[Date "2024.06.02"]
[Round "-"]
[White "asingardenof"]
[Black "elis06"]
[Result "0-1"]
[WhiteElo "621"]
[BlackElo "2349"]
[TimeControl "300"]
[EndTime "4:02:13 PDT"]
[Termination "elis06 won by checkmate"]

1. e4 c6 2. Nc3 d5 3. Nf3 dxe4 4. Nxe4 Nd7 5. Bc4 Ngf6 6. d3 e6 7. Bf4 Be7 8. O-O O-O 9. Nd4 e5 10. Nf5 exf4 11. Qg4 Nxg4 12. f3 Ne3 13. Rfe1 Nxf5 14. b3 Nd6 15. Nxd6 Bxd6 16. Re4 Ne5 17. Rae1 Nxc4 18.
dxc4 Bc5+ 19. Kh1 Bf5 20. Re5 Bb4 21. R1e2 Qd1+ 22. Re1 Bxe1 23. Rxe1 Qxe1# 0-1

[Event "Live Chess"]
[Site "Chess.com"]
[Date "2024.06.02"]
[Round "-"]
[White "RockTroll"]
[Black "halfberg"]
[Result "1-0"]
[WhiteElo "2169"]
[BlackElo "1904"]
[TimeControl "300"]
[EndTime "4:02:33 PDT"]
[Termination "RockTroll won by resignation"]

1. e4 c5 2. c3 Nf6 3. e5 Nd5 4. Nf3 Nc6 5. Bc4 Nb6 6. Bb3 d5 7. exd6 e6 8. O-O Bxd6 9. d4 cxd4 10. cxd4 O-O 11. Nc3 h6 12. a3 Ne7 13. Bc2 Nbd5 14.
Qd3 Nf6 15. Rd1 Bd7 16. Ne5 a6 17. Ng4 Ng6 18. Nxh6+ gxh6 19. Bxh6 Bc6 20. Qh3 Qc7 21.
Bxg6 fxg6 22. Qxe6+ Kh7 23. Bxf8 Rxf8 24. Rd3 Bxh2+ 25.
Kf1 Bf4 26. Rh3+ Kg7 27. d5 Bd7 28. Qe7+ Rf7 29. d6 Qc4+ 30. Qe2 Qxe2+ 31. Nxe2 Bxh3 32. Nxf4 Bd7 33. Rc1 Bb5+ 34. Kg1 Rd7 35. Rc7 Kf7 36. g3 Rxc7 37. dxc7 Bd7 38. Kf1 Ne8 39. Nd5 Ke6 40.
Nf4+ Kf5 41. Nd5 Ke5 42. Ne7 Nxc7 43. Nxg6+ Kd4 44. f4 Kd3 45. Ne5+ Kc2 46. Nxd7 Kxb2 47. g4 Kxa3 48. g5 b5 49. g6 Ne6 50. f5 Ng7 51. f6 b4 52. fxg7 b3 53. g8=Q b2 54. Qf8+ Ka2 55. Qf7+ Ka1 56. Qf6 Ka2 57. Qxa6+ Kb1 58.
g7 Kc2 59. Qg6+ 1-0

[Event "Live Chess"]
[Site "Chess.com"]
[Date "2024.06.02"]
[Round "-"]
[White "ACM42"]
[Black "NeilDruggan73"]
[Result "1-0"]
[WhiteElo "2176"]
[BlackElo "1691"]
[TimeControl "300"]
[EndTime "4:02:39 PDT"]
[Termination "ACM42 won by resignation"]

1. e4 d6 2. d4 Nf6 3. Nc3 g6 4. Nf3 Bg7 5. Bc4 Nxe4 6. Nxe4 d5 7. Bd3 dxe4 8. Bxe4 O-O 9. c3 Nc6 10. O-O Bg4 11. h3 Bd7 12. Re1 e6 13. Bg5 Qc8 14. Qb3 h6 15. Bf4 f5 16. Bd3 g5 17. d5 gxf4 18.
dxe6 Be8 19. e7+ Rf7 20. Bc4 Na5 21. Bxf7+ Bxf7 22. e8=Q+ Qxe8 23. Rxe8+ Rxe8 24. Qa4 b6 25. Qxf4 Re7 26. Re1 Nc4 27. Rxe7 1-0

[Event "Live Chess"]
[Site "Chess.com"]
[Date "2024.06.02"]
[Round "-"]
[White "MaksymYurii"]
[Black "Nathaniel250"]
[Result "0-1"]
[WhiteElo "999"]
[BlackElo "1524"]
[TimeControl "300"]
[EndTime "4:03:01 PDT"]
[Termination "Nathaniel250 won by checkmate"]

1. e4 c5 2. Nf3 Nc6 3. Bc4 d6 4. d4 cxd4 5. Nxd4 e6 6. Be3 Nf6 7. Nf3 Nxe4 8. Qe2 d5 9. Bd3 Nf6 10. Bg5 Be7 11. Bb5 Bd7 12. Bxf6 Bxf6 13. Nc3 Bxc3+ 14.
bxc3 O-O 15. O-O a6 16. Bxc6 Bxc6 17. Nd4 Rc8 18. a4 Bd7 19. Qd3 e5 20. Nf5 e4 21.
Qh3 Qf6 22. g4 Rxc3 23. f3 Bxf5 24. gxf5 exf3 25. Rxf3 Rxf3 26. Qxf3 Qxa1+ 27. Kg2 Qxa4 28. f6 Qe4 29. fxg7 Qxf3+ 30. Kxf3 Kxg7 31. h4 Re8 32. Kf4 a5 33. Kf5 a4 34. h5 a3 35. Kg5 a2 36. h6+ Kg8 37. Kf6 a1=Q+ 38. c3 Qxc3+ 39. Kf5 Re5+ 40. Kf6 Re6+ 41. Kg5 Qe5+ 42. Kg4 Rg6+ 43.
Kh4 Qg5+ 44. Kh3 Qg3# 0-1

[Event "Live Chess"]
[Site "Chess.com"]
[Date "2024.06.02"]
[Round "-"]
[White "Queensandpawns"]
[Black "Andriy_Yaremovych"]
[Result "1-0"]
[WhiteElo "2240"]
[BlackElo "1590"]
[TimeControl "300"]
[EndTime "4:03:04 PDT"]
[Termination "Queensandpawns won by resignation"]

1. e4 b6 2. d4 Bb7 3. Nc3 Nf6 4. e5 Nd5 5. Nf3 e6 6. Bd3 Bb4 7. O-O Nxc3 8. bxc3 Bxc3 9. Rb1 h6 10. Ba3 Nc6 11. Be4 Ba5 12. d5 exd5 13. Bxd5 Ba6 14. c4 g5 15. Qd3 g4 16. Qf5 1-0

[Event "Live Chess"]
[Site "Chess.com"]
[Date "2024.06.02"]
[Round "-"]
[White "elis06"]
[Black "Duke_of_Bebington"]
[Result "1-0"]
[WhiteElo "2350"]
[BlackElo "1639"]
[TimeControl "300"]
[EndTime "4:03:21 PDT"]
[Termination "elis06 won by resignation"]

1. d4 d5 2. Nf3 Nf6 3. Bf4 e6 4. e3 Bd6 5. Ne5 Nbd7 6. Nd2 Bxe5 7. dxe5 Nh5 8. Qxh5 g6 9. Qd1 c6 10. Bd3 O-O 11. h4 1-0

[Event "Live Chess"]
[Site "Chess.com"]
[Date "2024.06.02"]
[Round "-"]
[White "RichardABates"]
[Black "PureDashingOctopus"]
[Result "1/2-1/2"]
[WhiteElo "2333"]
[BlackElo "2271"]
[TimeControl "300"]
[EndTime "4:03:40 PDT"]
[Termination "Game drawn - insufficient material"]

1. d4 Nf6 2. Nf3 g6 3. g3 Bg7 4. c4 c6 5. Bg2 O-O 6. O-O d5 7. cxd5 cxd5 8. Ne5 Bf5 9. Nc3 Nc6 10. Bf4 Rc8 11.
Rc1 Ne4 12. Nxe4 Bxe4 13. f3 Bf5 14. e4 Be6 15. Nxc6 Rxc6 16. Rxc6 bxc6 17. e5 c5 18. Be3 cxd4 19. Bxd4 Qc7 20. f4 Rc8 21. Qd2 Qc2 22.
Rd1 Rc7 23. Bc3 Qxd2 24. Rxd2 d4 25. Rxd4 Bxa2 26. Rd8+ Bf8 27. g4 Be6 28. h3 Rc8 29. Rd1 Bh6 30. Rd4 Bg7 31. Be4 g5 32. f5 Bxe5 33.
Ra4 Bxc3 34. bxc3 Bb3 35. Rxa7 Rxc3 36. Rxe7 Rxh3 37. f6 Ba4 38. Kg2 Rh4 39. Ra7 Rxg4+ 40. Kf3 Rf4+ 41. Ke3 Be8 42. Ra8 Kf8 43. Bc6 Rxf6 44.
Rxe8+ Kg7 45. Be4 Re6 46. Rxe6 fxe6 47. Kf3 h5 48. Kg3 Kf6 49. Bf3 Ke5 50. Bxh5 Kd4 51. Kg4 e5 52. Kxg5 e4 53. Kf5 e3 54. Bf3 e2 55. Bxe2 1/2-1/2